 Dungeon Crawl Stone Soup version 0.16.2-12-gd0ad4c3 (webtiles) character file.

1687 schauveau the Geomancer (level 9, -1/45 HPs)
             Began as a Gargoyle Earth Elementalist on Oct 31, 2015.
             Slain by a giant frog (6 damage)
             ... on level 7 of the Dungeon.
             The game lasted 00:23:53 (4708 turns).

schauveau the Geomancer (GrEE)                      Turns: 4708, Time: 00:23:54

Health: -1/45      AC:  9    Str: 12    XL:     9   Next: 2%
Magic:  13/25      EV: 11    Int: 19    God:
Gold:   254        SH:  0    Dex: 10    Spells: 3 memorised, 15 levels left

rFire  + . .     SeeInvis .     H - +0 war axe
rCold  . . .     Clarity  .     o - +1 leather armour {rF+}
rNeg   + . .     SustAb   .     (no shield)
rPois  ∞         Gourm    .     (no helmet)
rElec  +         Spirit   .     (no cloak)
rCorr  .         Warding  .     (no gloves)
rMut   .         Stasis   .     (no boots)
MR     .....                    (no amulet)
Stlth  ++........               (no ring)
                                (no ring)

@: not resistant to hostile enchantments, unstealthy
A: negative energy resistance 1, electricity resistance, unbreathing,
petrification resistance, rot immunity, AC +5
a: no special abilities


You were on level 7 of the Dungeon.
You were not hungry.

You visited 1 branch of the dungeon, and saw 7 of its levels.
You also visited: Sewer.

You collected 254 gold pieces.

Inventory:

Hand weapons
 a - a +0 short sword
 u - a +0 mace
 z - a +0 blowgun
 H - a +0 war axe (weapon)
Missiles
 b - 84 stones (quivered)
 w - 20 poisoned needles
Armour
 c - a +0 robe
 l - a +0 robe
 o - a +1 leather armour of fire resistance (worn)
Magical devices
 t - a wand of random effects (21)
 F - a wand of heal wounds (6)
Scrolls
 e - a scroll of random uselessness {unknown}
 h - a scroll of fear {unknown}
 k - a scroll of enchant armour
 m - a scroll of teleportation {unknown}
 p - 2 scrolls of enchant weapon
 q - 3 scrolls of remove curse
 v - a scroll of fog {unknown}
 y - a scroll of recharging {unknown}
 B - a scroll of noise {unknown}
 C - a scroll of vulnerability {unknown}
 D - a scroll of amnesia {unknown}
Potions
 j - a potion of magic {unknown}
 x - 10 potions of curing
 A - 3 potions of heal wounds
 E - a potion of brilliance
Books
 d - a book of Geomancy

   Spells                             Type                      Level
   a - Sandblast                      Earth                        1
   b - Stoneskin                      Transmutation/Earth          2
   c - Passwall                       Transmutation/Earth          3
   d - Stone Arrow                    Conjuration/Earth            3
   e - Petrify                        Transmutation/Earth          4
   f - Lee's Rapid Deconstruction     Earth                        5
Comestibles
 f - a royal jelly
 i - 4 bread rations
 n - a slice of pizza
 r - a fruit
 s - 3 meat rations
 G - a beef jerky


   Skills:
 - Level 0.2 Fighting
 - Level 2.0 Dodging
 - Level 2.1 Stealth
 * Level 8.4 Spellcasting
   Level 0.7 Transmutations
 + Level 8.6 Earth Magic


You had 15 spell levels left.
You knew the following spells:

 Your Spells              Type           Power        Failure   Level  Hunger
a - Sandblast             Erth           #####.       1%          1    None
b - Stone Arrow           Conj/Erth      ###...       8%          3    None
c - Lee's Rapid Deconstr  Erth           #####.....   12%         5    #####..


Dungeon Overview and Level Annotations

Branches:
Dungeon (7/15)
 Temple: D:4-7

Altars:
Gozag
Makhleb
Nemelex Xobeh
Sif Muna

Shops:
D:4 }   D:6 (

Annotations:
D:3 schauveau's ghost, weakling GrEE
D:5 Eustachio


Innate Abilities, Weirdness & Mutations

You are resistant to torment.
You are immune to poison.
Your stone body is very resilient (AC +5).
You resist negative energy.
You are resistant to electric shocks.
You can survive without breathing.
You are immune to petrification.
You are immune to rotting.


Message History

You see here an arrow.
Things that are here:
a shortbow; 15 arrows There isn't anything to butcher here.
There isn't anything to butcher here.
You see here an arrow.
Casting: Stone Arrow
Confirm with . or Enter, or press ? or * to list all spells.
Aiming: Stone Arrow
Press: ? - help, Shift-Dir - straight line, f - giant frog
Aim: a giant frog The stone arrow misses the giant frog.
The giant frog hits you.
* * * LOW HITPOINT WARNING * * *
Casting: Stone Arrow
Confirm with . or Enter, or press ? or * to list all spells.
Aiming: Stone Arrow
Press: ? - help, Shift-Dir - straight line, f/p - giant frog
Aim: a giant frog The stone arrow misses the giant frog.
The giant frog hits you.
You die...

#... ### #.## ..# #.# #.#
#.# #.# #.# #.# #.# #(#
#########.##
#.###.##(#####...........
.......F@)..((>.......#.#
#.###.#######..######.#.#
.. #..... #.#.# ...
##.##...#.#)# .
.......#.#.# #...........
> #.c.....#... ###.#
.....S...... .. .
..##....##.#


You could see a giant frog.

Vanquished Creatures
  A water moccasin (D:7)
  An ogre (D:4)
  2 sky beasts
  2 centaurs
  Blork the orc (D:5)
  2 big kobolds (Sewer)
  4 giant frogs
  2 jellies (D:5)
  A crimson imp (D:6)
  2 orc priests
  3 hounds
  4 worker ants (D:5)
  2 orc wizards
  Ijyb (D:5)
  11 adders
  6 river rats (Sewer)
  A worm (D:6)
  5 giant geckos
  2 oozes (Sewer)
  7 orcs
  7 bats
  A bat skeleton (D:4)
  A bat zombie (D:5)
  3 giant cockroaches
  9 goblins
  4 hobgoblins
  6 jackals
  5 ball pythons
  3 giant newts
  25 kobolds
  A quokka (D:2)
  26 rats
151 creatures vanquished.

Notes
Turn   | Place    | Note
--------------------------------------------------------------
     0 | D:1      | schauveau, the Gargoyle Earth Elementalist, began the quest for the Orb.
     0 | D:1      | Reached XP level 1. HP: 10/10 MP: 3/3
   250 | D:1      | Reached XP level 2. HP: 10/15 MP: 2/4
   595 | D:2      | Reached skill level 4 in Earth Magic
   595 | D:2      | Reached XP level 3. HP: 16/19 MP: 1/6
   954 | D:2      | Reached XP level 4. HP: 12/24 MP: 1/9
  1255 | D:3      | Noticed schauveau's ghost (weakling GrEE)
  1276 | D:4      | Found Otiax's Gadget Shoppe.
  1351 | D:4      | Learned a level 3 spell: Stone Arrow
  1390 | D:5      | Entered Level 5 of the Dungeon
  1693 | D:5      | Reached XP level 5. HP: 21/28 MP: 4/12
  1777 | D:5      | Found an opulent altar of Gozag.
  1777 | D:5      | Found a burning altar of Makhleb.
  1778 | D:5      | Found a deep blue altar of Sif Muna.
  1828 | D:5      | Reached skill level 5 in Earth Magic
  1854 | D:5      | Reached XP level 6. HP: 32/32 MP: 10/15
  2033 | D:5      | Reached skill level 5 in Spellcasting
  2056 | D:5      | Noticed a sky beast
  2081 | D:5      | Killed a sky beast
  2144 | D:5      | Noticed an ice beast
  2144 | D:5      | Noticed Eustachio
  2148 | D:4      | Noticed an ogre
  2149 | D:4      | Noticed a slave
  2151 | D:4      | Killed an ogre
  2151 | D:4      | Reached skill level 6 in Earth Magic
  2151 | D:4      | Reached XP level 7. HP: 14/36 MP: 11/19
  2152 | D:4      | Noticed a slave
  2213 | D:5      | Noticed Blork the orc
  2356 | D:6      | Found a glowing drain.
  2414 | D:6      | Found a sparkling altar of Nemelex Xobeh.
  2450 | Sewer    | Entered a sewer
  3506 | D:5      | Killed Blork the orc
  3511 | D:5      | Reached skill level 7 in Earth Magic
  3511 | D:5      | Reached XP level 8. HP: 29/41 MP: 8/22
  3605 | D:5      | Noticed Ijyb
  3618 | D:5      | Killed Ijyb
  3794 | D:6      | Found Ciudatou's Antique Weapon Boutique.
  4102 | D:6      | Learned a level 5 spell: Lee's Rapid Deconstruction
  4274 | D:6      | Reached skill level 8 in Earth Magic
  4702 | D:7      | Reached XP level 9. HP: 6/45 MP: 18/25
  4708 | D:7      | Slain by a giant frog

Action                   |  1- 3 |  4- 6 |  7- 9 || total
-------------------------+-------+-------+-------++-------
Melee: Unarmed           |     6 |     2 |       ||     8
       Short sword       |    43 |    45 |   146 ||   234
       War axe           |       |       |    38 ||    38
 Cast: Sandblast         |    58 |    65 |    94 ||   217
       Stone Arrow       |       |       |    45 ||    45
  Use: Potion            |       |     7 |       ||     7
       Scroll            |       |     6 |     5 ||    11
  Eat: Chunk             |     1 |     4 |     9 ||    14
